 Dungeon Crawl Stone Soup version 0.26.1-2-gb8aa6d0cf2 (webtiles) character file.

Game seed: 774495616921248106

1875 tysohal the Ruffian (level 8, -12/75 HPs)
             Began as a Troll Warper on Mar 16, 2021.
             Mangled by a boulder beetle (29 damage)
             ... on level 11 of the Dungeon.
             The game lasted 00:14:21 (6285 turns).

tysohal the Ruffian (Troll Warper)                  Turns: 6285, Time: 00:14:21

Health: -12/75     AC:  6    Str: 20    XL:     8   Next: 91%
Magic:  2/10       EV: 11    Int:  9    God:
Gold:   452        SH:  0    Dex: 11    Spells: 5/12 levels left

rFire    . . .     SeeInvis .     - Unarmed
rCold    . . .     Faith    .   (no shield)
rNeg     . . .     Spirit   .   z - +0 robe
rPois    .         Reflect  .   (helmet restricted)
rElec    .         Harm     .   (no cloak)
rCorr    .         Rampage  .   (gloves unavailable)
Will     .....                  (boots unavailable)
Stlth    +.........             (no amulet)
HPRegen  0.62/turn              u - ring of wizardry
MPRegen  0.12/turn              (no ring)

@: very slightly contaminated
A: large, unfitting armour, claws 3, regeneration 1, shaggy fur 1, tough skin 3
a: no special abilities


You were on level 11 of the Dungeon.
You visited 1 branch of the dungeon, and saw 9 of its levels.

You collected 452 gold pieces.

Inventory:

Missiles
 a - 4 large rocks (quivered)
 d - 13 boomerangs of dispersal
 g - 166 stones
 j - 50 poisoned darts
 l - 3 boomerangs
Armour
 z - a +0 robe (worn)
Jewellery
 p - an uncursed ring of fire
 u - a ring of wizardry (left claw)
 w - an uncursed amulet of reflection {unknown}
 x - a +6 ring of dexterity {unknown}
Wands
 s - a wand of acid (5)
 y - a wand of flame (26)
Scrolls
 b - 2 scrolls of magic mapping
 c - 3 scrolls of blinking
 e - 2 scrolls of identify
 h - 2 scrolls of amnesia
 i - 4 scrolls of teleportation
 o - a scroll of enchant weapon {unknown}
 q - 3 scrolls of enchant armour
 r - a scroll of immolation {unknown}
 v - a scroll of vulnerability {unknown}
Potions
 f - 3 potions of curing
 k - a potion of lignification
 m - a potion of invisibility
 n - 2 potions of attraction
 t - a potion of flight


   Skills:
 + Level 3.4 Fighting
 + Level 3.4 Throwing
 + Level 3.7 Dodging
 * Level 5.9 Unarmed Combat
 + Level 2.5 Spellcasting
 + Level 3.6 Translocations
 + Level 3.2 Invocations
 + Level 2.6 Evocations


You had 5 spell levels left.
You knew the following spells:

 Your Spells              Type           Power        Failure   Level
a - Blink                 Tloc           N/A          4%          2
b - Gell's Gravitas       Tloc           3%           9%          3
c - Ensorcelled Hibernat  Hex/Ice        2%           19%         2

Your spell library contained the following spells:

 Spells                   Type           Power        Failure   Level
 Lesser Beckoning         Tloc           3%           9%          3
 Teleport Other           Tloc           7%           9%          3
 Corona                   Hex            1%           13%         1
 Passage of Golubria      Tloc           N/A          26%         4
 Confusing Touch          Hex            1%           34%         3
 Dazzling Flash           Conj/Hex       2%           34%         3
 Tukima's Dance           Hex            1%           34%         3


Dungeon Overview and Level Annotations

Branches:
Dungeon (11/15)
 Temple: D:4-7         Lair: D:8-11         Orc: D:9-12

Altars:
Ashenzari
Fedhas
Gozag
Ru


Innate Abilities, Weirdness & Mutations

You are too large for most types of armour.
You have claws for hands.
Your natural rate of healing is unusually fast.
You are covered in fur. (AC +1)
You have extremely tough skin. (AC +3)


Message History

The killer bee stings you.
* * * LOW HITPOINT WARNING * * *
The killer bee barely misses you.
The killer bee stings you but does no damage.
The killer bee stings you.
* * * LOW HITPOINT WARNING * * *
Casting: Blink (safe; 4% risk of failure)
Confirm with . or Enter, or press ? or * to list all spells.
You blink.
Your surroundings suddenly seem different.
* * * LOW HITPOINT WARNING * * *
You feel sick.
The boulder beetle curls into a ball and begins rolling!
Found a robe, 11 stones and a grey potion.
Found a stone staircase leading down.
A boulder beetle comes into view.
You feel better.
A boulder beetle is nearby!
The boulder beetle hits you!!
You die...

######+#
#.@....#
###B######
#..○.......
#..°.......
#.°(.......
#.!........
#..........
.>.........
##..........


You could see a boulder beetle.

Vanquished Creatures
  The ghost of gnacko the Ruffian, an amateur TrBe of Trog (D:4)
  2 ice beasts (D:5)
  2 sky beasts
  2 phantoms
  An orc warrior (D:6)
  2 ogres
  A bullfrog (D:5)
  A scorpion (D:6)
  A howler monkey (D:6)
  A bullfrog zombie (D:5)
  2 orc priests (D:4)
  2 jellies
  A hound (D:5)
  5 orc wizards
  A centaur skeleton (D:5)
  3 iguanas
  A worker ant (D:5)
  13 adders
  An ooze (D:4)
  A worm (D:3)
  A dart slug (D:2)
  2 leopard geckos
  21 orcs
  A ball python (D:1)
  3 giant cockroaches
  4 goblins
  8 hobgoblins
  6 jackals
  4 kobolds
  3 quokkas
  8 bats
  2 frilled lizards
  A jackal zombie (D:6)
  A leopard gecko skeleton (D:4)
  7 rats
116 creatures vanquished.

Vanquished Creatures (others)
  A plant (D:6)
1 creature vanquished.

Grand Total: 117 creatures vanquished

Notes
Turn   | Place    | Note
-------+----------+-------------------------------------------
     0 | D:1      | tysohal the Troll Warper began the quest for the Orb.
     0 | D:1      | Reached XP level 1. HP: 19/19 MP: 1/1
    74 | D:1      | Reached skill level 1 in Throwing
   255 | D:1      | Reached XP level 2. HP: 27/27 MP: 2/2
  1080 | D:2      | Reached XP level 3. HP: 35/35 MP: 4/4
  1254 | D:2      | Found an opulent altar of Gozag.
  1858 | D:3      | Reached XP level 4. HP: 42/42 MP: 5/5
  2478 | D:4      | Reached skill level 1 in Evocations
  2483 | D:4      | Reached skill level 3 in Unarmed Combat
  2483 | D:4      | Reached skill level 1 in Invocations
  2582 | D:4      | Reached XP level 5. HP: 20/49 MP: 6/6
  2710 | D:4      | Noticed a phantom
  2743 | D:4      | Killed a phantom
  2815 | D:4      | Reached XP level 6. HP: 16/57 MP: 7/7
  2894 | D:4      | Learned a level 2 spell: Blink
  2898 | D:4      | Learned a level 3 spell: Gell's Gravitas
  2901 | D:4      | Learned a level 2 spell: Ensorcelled Hibernation
  3323 | D:5      | Entered Level 5 of the Dungeon
  3540 | D:5      | Noticed an ice beast
  3554 | D:5      | Killed an ice beast
  3555 | D:5      | Reached skill level 4 in Unarmed Combat
  3555 | D:5      | Reached XP level 7. HP: 19/66 MP: 8/8
  3981 | D:5      | Found a runed translucent door.
  3988 | D:5      | Noticed gnacko's ghost (amateur TrBe)
  4443 | D:4      | Killed gnacko's ghost
  4444 | D:4      | Reached skill level 5 in Unarmed Combat
  4444 | D:4      | Reached XP level 8. HP: 55/75 MP: 10/10
  4599 | D:5      | Found a blossoming altar of Fedhas.
  5637 | D:6      | Found a sacrificial altar of Ru.
  5795 | D:6      | Found a broken altar of Ashenzari.
  6257 | D:7      | You fall into a shaft and drop 3 floors!
  6257 | D:10     | Entered Level 10 of the Dungeon
  6283 | D:11     | Noticed a boulder beetle
  6285 | D:11     | Mangled by a boulder beetle

Illustrated notes

Levels and vault maps discovered:
D:1:      arrival_zaba_pyramid, layout_basic
D:2:      layout_loops_ring, lemuel_coloured_pillars_altar,
          kennysheep_generic_room_2
D:3:      layout_loops_ring, serial_glass, glass_columns_b, glass_columns_a,
          glass_columns_a, glass_columns_a, minmay_cut_off
D:4:      layout_basic
D:5:      layout_rooms, kennysheep_mini_moat, ebering_ghost_sewer_d
D:6:      layout_layer_cave, nicolae_ru_the_path_less_chosen,
          lemuel_crystal_altar
D:7:      layout_rooms, pdpol_wu_jian_five_deadly_venoms,
          minmay_temple_entry_sparse_star, basic_altar, enter_ossuary_2
D:10:     layout_long_grid, orc_0_dummy, okawaru_metal_pillars_3
D:11:     layout_roguey

Skill      XL: |  1  2  3  4  5  6  7  8 |
---------------+-------------------------+-----
Throwing       | 1 2 3 |  3.4
Dodging        | 2 3 |  3.7
Evocations     | 1 2 |  2.6
Fighting       | 2 3 |  3.4
Unarmed Combat | 3 4 5 |  5.9
Invocations    | 1 2 3 |  3.2
Spellcasting   | 2 |  2.5
Translocations | 3 |  3.6

Action                   |  1- 3 |  4- 6 |  7- 9 || total
-------------------------+-------+-------+-------++-------
Melee: Unarmed           |   103 |   152 |   200 ||   455
       Punch             |       |     1 |     7 ||     8
Throw: Large rock        |       |       |     1 ||     1
 Cast: Blink             |       |       |     7 ||     7
  Use: Scroll            |       |    10 |     1 ||    11
       Potion            |       |       |     1 ||     1
Armor: Robe              |    50 |    45 |    86 ||   181
Dodge: Dodged            |    61 |    62 |   103 ||   226
